 Dungeon Crawl Stone Soup version 0.31.0-11-ge490571c62 (webtiles) character file.

Game seed: 13901123762474676549

86 Curundu the Chopper (level 4, -1/41 HPs)
             Began as a Minotaur Berserker on Feb 6, 2024.
             Was a Believer of Trog.
             Slain by a goblin
             ... wielding a +0 club
             ... led by Robin
              (2 damage)
             ... on level 3 of the Dungeon.
             The game lasted 00:06:11 (2248 turns).

Curundu the Chopper (Minotaur Berserker)            Turns: 2248, Time: 00:06:18

Health: -1/41      AC:  2    Str: 24    XL:     4   Next: 26%
Magic:  3/3        EV: 12    Int:  4    God:    Trog [**....]
Gold:   152        SH:  0    Dex:  9    Spells: 3/3 levels left

rFire   . . .        a - +0 hand axe
rCold   . . .        (no shield)
rNeg    . . .        b - +0 animal skin
rPois   .            (helmet restricted)
rElec   .            (no cloak)
rCorr   .            (no gloves)
SInv    +            (no boots)
Will    .....        (no amulet)
Stlth   +            (no ring)
HPRegen 0.26/turn    (no ring)
MPRegen 0.08/turn

%: no passive effects
@: no status effects
A: horns 2, retaliatory headbutt
a: Renounce Religion, Berserk, Trog's Hand


You were on level 3 of the Dungeon.
You worshipped Trog.
Trog was pleased with you.
You visited 1 branch of the dungeon, and saw 3 of its levels.

You collected 152 gold pieces.

Inventory:

Hand Weapons
 a - a +0 hand axe (weapon)
Armour
 b - a +0 animal skin (worn)
Jewellery
 e - an amulet of magic regeneration
 h - an amulet of the acrobat
Scrolls
 g - a scroll of identify {unknown}
Potions
 c - 2 potions of attraction {unknown}


   Skills:
 + Level 4.4 Fighting
 + Level 4.7 Axes
 + Level 2.8 Armour
 + Level 3.2 Dodging


You had 3 spell levels left.
You didn't know any spells.
Your spell library was empty.

Dungeon Overview and Level Annotations

Branches:
Dungeon (3/15)

Altars:
Ashenzari

Annotations:
D:3 Robin


Innate Abilities, Weirdness & Mutations

You have a pair of horns on your head.
You reflexively headbutt those who attack you in melee.


Message History

a +0 club; a goblin corpse You slash the goblin!
You kill the goblin!
Trog accepts your kill.
You hit the goblin.
You kill the goblin!
Trog accepts your kill.
You hit the goblin but do no damage. You barely miss the hobgoblin.
You hit the bat.
You kill the bat!
Trog accepts your kill.
You hit the hobgoblin. The hobgoblin completely misses you.
The goblin hits you with a +0 dagger. The hobgoblin hits you.
* * * LOW HITPOINT WARNING * * *
The hobgoblin hits you.
* * * LOW HITPOINT WARNING * * *
The hobgoblin hits you.
* * * LOW HITPOINT WARNING * * *
A goblin comes into view. It is wielding a +0 club.
The hobgoblin misses you. You furiously retaliate!
You headbutt the hobgoblin!
You kill the hobgoblin!
Trog accepts your kill.
Things that are here:
a +0 club; a goblin corpse
As you read the scroll labelled SESMANW OCAZXUWK, it crumbles to dust.
Your body is wracked with pain!
* * * LOW HITPOINT WARNING * * *
The hobgoblin convulses! x2; Robin convulses!
The goblin convulses!
It was a scroll of torment.
The goblin hits you with a +0 dagger.
* * * LOW HITPOINT WARNING * * *
The hobgoblin closely misses you. You furiously retaliate!
You headbutt the hobgoblin. The hobgoblin hits you.
* * * LOW HITPOINT WARNING * * *
As you read the scroll labelled XATITE RASTRO, it crumbles to dust.
You feel aware of your surroundings.
You sensed 1 altar, and 1 shop/portal.
It was a scroll of revelation.
The goblin hits you but does no damage.
An orc comes into view. It is wielding a +0 flail.
The hobgoblin barely misses you. Robin throws the goblin at you!
The goblin hits you with a +0 club.
You die...

***,*,*,.#.....# *,*
,,,,,,,,,......######### **,**
,**,*****#...........### *,,,*
,**,* #..##..(..#.### *,,,*
*,,,######..##.###.#.### *,,,*
,***#..<....##%###.#.###
*,,,*** **
#.......##.###...###***,,,*,,
*
#.......##)g.gg..#..,,,,,,,,,
*
#........)?g@##.....,,,,,,,,,
*
#.......###g..#.##.o,,,,,,,,,
##
##......)###.#.#.####**<,,,*,*
.# #........###.#.#.####
*,,,,*,,
.###.##########.....####
*,,,,*,*
.#.......########.######
*,,,,*,,
.#.#####.########.######
*,,,,,,*
...#,,,#..#######.######
***,,,,, ...#,,,#....###
*,*#********,**,*


You could see Robin, an orc (wandering), 2 hobgoblins and 2 goblins.

Vanquished Creatures
  2 adders (D:2)
  A dart slug (D:2)
  An orc (D:3)
  6 bats
  2 endoplasms
  5 giant cockroaches
  14 goblins
  2 hobgoblins
  3 jackals (D:2)
  6 kobolds
  2 quokkas
  4 ball pythons
  3 frilled lizards
  5 rats
56 creatures vanquished.

Notes
Turn   | Place    | Note
-------+----------+-------------------------------------------
     0 | D:1      | Curundu the Minotaur Berserker began the quest for the Orb.
     0 | D:1      | Reached XP level 1. HP: 19/19 MP: 0/0
   330 | D:1      | Reached XP level 2. HP: 27/27 MP: 1/1
   519 | D:1      | Reached ** piety under Trog
  1003 | D:2      | Reached XP level 3. HP: 29/33 MP: 2/2
  1806 | D:2      | Found a faded altar of an unknown god.
  2108 | D:3      | Reached XP level 4. HP: 40/41 MP: 3/3
  2148 | D:3      | Found a broken altar of Ashenzari.
  2237 | D:3      | Noticed Robin
  2247 | D:3      | HP: 1/41 [hobgoblin[Robin] (3)]
  2248 | D:3      | Slain by a goblin

Illustrated notes

Levels and vault maps discovered:
D:1:      ldierk_walled_garden_2, layout_loops_corners
D:2:      layout_basic, ebering_ecumenical_altar_mist
D:3:      layout_loops_cross, mainiacjoe_overflow_24_doors,
          evilmike_ruin_ashenzari, portal_sewer_entry_a, uniq_robin

Skill      XL: |  1  2  3 |
---------------+----------+-----
Axes           | 4 |  4.7
Fighting       | 4 |  4.4
Dodging        | 3 |  3.2
Armour         | |  2.8

Action                     |  1- 3 |  4- 6 || total
---------------------------+-------+-------++-------
  Melee: Hand axe          |    95 |    16 ||   111
         Headbutt          |    15 |     2 ||    17
         Punch             |       |     1 ||     1
    Use: Scroll            |       |     2 ||     2
 Armour: Animal skin       |    67 |    35 ||   102
  Dodge: Dodged            |    69 |    24 ||    93
